AoeStats
← tobinho_125

Arabia

504581258Analyzed
3v3 RM · 26d ago on Sep 5, 2026· 50m 57s· 6 players
Game mode
Random Map
Map size
Normal (6 player)
Population
200
Speed
Normal
Resources
Standard
Victory
Conquest
Starting age
Dark Age
Ending age
Imperial Age
RankedLock teamsTeams togetherTeam positionsShared explorationLock speedFull tech treeHidden civsTurbo modeCheats
Victory
Defeat
🇧🇷 Celts · Brazil
915
+18
🇩🇪 Romans · Germany
871
+20
🇩🇪 Wu · Germany
856
+21
🇪🇸 Britons · Spain
1104
-83
🇳🇱 Vietnamese · Netherlands
909
-18
🇪🇸 Franks · Spain
869
-16
KatituWanted
0:31 Loom
10:37 Feudal Age
12:47 Double-Bit Axe
20:59 Castle Age
19:53 Scale Barding Armor
19:47 Gold Mining
19:51 Stone Mining
22:09 Husbandry
33:47 Imperial Age
34:02 Cavalier
35:02 Forging
34:52 Scale Mail Armor
35:13 Chain Barding Armor
37:30 Paladin
42:15 Iron Casting
41:56 Chain Mail Armor
42:56 Elite Woad Raider
43:58 Conscription
44:54 Bow Saw
45:19 Plate Mail Armor
45:49 Blast Furnace
45:29 Wheelbarrow
46:28 Arson
46:17 Capped Ram
tobinho_125
11:34 Feudal Age
10:49 Loom
14:18 Scale Barding Armor
18:21 Castle Age
23:39 Gold Mining
24:32 Double-Bit Axe
24:52 Padded Archer Armor
24:56 Scale Mail Armor
26:28 Ballistas
27:08 Bow Saw
26:49 Horse Collar
30:06 Pikeman
36:08 Imperial Age
33:24 Town Watch
34:43 Man-at-Arms
36:12 Capped Ram
37:26 Leather Archer Armor
37:01 Fletching
37:26 Chain Mail Armor
37:21 Forging
36:37 Halberdier
38:43 Wheelbarrow
38:08 Town Patrol
37:43 Heavy Scorpion
39:18 Squires
40:30 Long Swordsman
40:49 Siege Ram
42:10 Ring Archer Armor
41:36 Bodkin Arrow
42:16 Iron Casting
42:06 Ballistics
41:52 Siege Engineers
42:48 Legionary
45:50 Cavalier
45:50 Light Cavalry
46:40 Bloodlines
46:45 Husbandry
47:06 Chain Barding Armor
47:47 Blast Furnace
47:08 Stone Mining
46:59 Sappers
47:52 Conscription
51:18 Plate Barding Armor
Cramgee
10:13 Loom
12:20 Feudal Age
13:12 Horse Collar
13:19 Double-Bit Axe
21:12 Castle Age
21:29 Scale Mail Armor
21:38 Arson
23:29 Forging
24:55 Stone Mining
29:53 Squires
30:09 Gold Mining
32:16 Fletching
32:27 Padded Archer Armor
34:00 Bodkin Arrow
34:21 Leather Archer Armor
34:21 Chain Mail Armor
40:21 Imperial Age
40:55 Iron Casting
43:50 Red Cliffs Tactics
Rad el Bárbaro
4:59 Loom
9:53 Feudal Age
11:10 Horse Collar
15:40 Padded Archer Armor
15:31 Fletching
19:03 Scale Mail Armor
19:14 Forging
19:29 Double-Bit Axe
24:25 Castle Age
24:24 Stone Mining
25:15 Heavy Plow
25:30 Bow Saw
26:06 Leather Archer Armor
25:46 Bodkin Arrow
27:36 Scale Barding Armor
28:07 Iron Casting
27:52 Bodkin Arrow
33:44 Murder Holes
34:10 Ballistics
37:40 Imperial Age
43:04 Husbandry
ApeteceMuchoNené
12:03 Feudal Age
18:48 Castle Age
19:55 Double-Bit Axe
20:04 Gold Mining
22:21 Husbandry
25:53 Pikeman
26:34 Squires
26:20 Gambesons
32:46 Wheelbarrow
32:54 Gold Shaft Mining
32:12 Stone Mining
36:38 Hand Cart
36:43 Scale Barding Armor
36:49 Forging
36:40 Scale Mail Armor
36:30 Fletching
36:41 Padded Archer Armor
38:34 Bow Saw
41:06 Imperial Age
40:35 Town Watch
40:36 Loom
41:05 Bow Saw
40:58 Caravan
44:37 Cavalier
44:39 Halberdier
45:05 Arson
44:42 Man-at-Arms
44:46 Heavy Scorpion
44:50 Heavy Cavalry Archer
45:43 Chivalry
48:01 Hoardings
47:47 #83
47:47 Conscription
Vlad el enculador
12:17 Feudal Age
13:00 Double-Bit Axe
13:22 Loom
13:28 Loom
14:19 Wheelbarrow
16:11 Horse Collar
19:31 Fletching
19:42 Padded Archer Armor
27:52 Castle Age
28:02 Crossbowman
30:09 Leather Archer Armor
29:50 Bodkin Arrow
39:49 Imperial Age
41:28 Heavy Scorpion
44:17 Arbalester
49:22 Bow Saw
49:07 Stone Mining
Connection lost

Rejoining the realm…

Still unreachable

The connection could not be restored.

Session expired

The server has moved on; the page needs a fresh start.